[ AOE2 MATCH · #507885555 ]
UnrankedFranks vs Britons
Player's team · WIN
Rival team · LOSS
[ REPLAY ANALYSIS · EXTRACTED FROM THE RECORDED GAME ]
Feudal
11:32
Castle
23:27
Imperial
—
| APM avg | 91.0 |
| APM peak | 147 |
| eAPM avg | 28.4 |
| Villagers / military | 58 / 34 |
Focus
⚔️ 30.4% · 🌾 69.6%
Skirmisher ×23 · Scout Cavalry ×5 · Knight ×3 · Militia ×3
Feudal
8:30
Castle
22:06
Imperial
—
| APM avg | 62.6 |
| APM peak | 100 |
| eAPM avg | 25.4 |
| Villagers / military | 59 / 39 |
Focus
⚔️ 48.3% · 🌾 51.7%
Archer ×33 · Spearman ×5 · Skirmisher ×1
Match map
Initial resources + every placement click. Lines = walls · curves = elevation contours. ◆ gold · ⬟ stone · ● berries · ✦ relic · ◌ wall gap
Your base· ✓ Closed at 23:27 · 62t walls · 1 gate(s)
PipeTeGana's base· Open — 2t gap
Smoothed initial terrain · ◌ = detected wall gap · hover for details
Inputs per minute
— Gil-galad - - PipeTeGana
Build order — Gil-galad
First 150 of 174 actions detected
| 0:00 | Queue | Villager (Male) |
| 0:00 | Queue | Villager (Male) |
| 0:00 | Queue | Villager (Male) |
| 0:01 | Build | House |
| 0:02 | Build | House |
| 0:11 | Queue | Villager (Male) |
| 0:11 | Queue | Villager (Male) |
| 1:28 | Queue | Villager (Male) |
| 1:28 | Queue | Villager (Male) |
| 1:44 | Build | Lumber Camp |
| 1:58 | Queue | Villager (Male) |
| 1:59 | Queue | Villager (Male) |
| 2:17 | Queue | Villager (Male) |
| 2:42 | Queue | Villager (Male) |
| 3:10 | Queue | Villager (Male) |
| 3:10 | Queue | Villager (Male) |
| 3:32 | Queue | Villager (Male) |
| 3:33 | Queue | Villager (Male) |
| 3:48 | Build | House |
| 4:00 | Queue | Villager (Male) |
| 4:15 | Queue | Villager (Male) |
| 4:15 | Queue | Villager (Male) |
| 4:31 | Build | Barracks |
| 4:42 | Queue | Villager (Male) |
| 4:56 | Build | House |
| 5:00 | Queue | Villager (Male) |
| 5:36 | Queue | Militia |
| 5:37 | Queue | Militia |
| 5:55 | Queue | Villager (Male) |
| 5:55 | Queue | Villager (Male) |
| 6:21 | Build | Mill |
| 6:22 | Queue | Villager (Male) |
| 6:33 | Queue | Militia |
| 6:46 | Queue | Villager (Male) |
| 6:56 | Build | House |
| 7:14 | Queue | Villager (Male) |
| 7:14 | Queue | Villager (Male) |
| 7:14 | Queue | Villager (Male) |
| 7:59 | Queue | Villager (Male) |
| 8:12 | Queue | Villager (Male) |
| 8:14 | Build | Mill |
| 8:57 | Research | Loom |
| 9:22 | Research | Feudal Age |
| 9:30 | Build | Palisade Wall |
| 9:31 | Build | Palisade Wall |
| 9:42 | Build | Palisade Wall |
| 9:49 | Build | Palisade Wall |
| 9:59 | Build | Palisade Wall |
| 10:10 | Build | House |
| 10:12 | Build | Palisade Wall |
| 10:18 | Build | Palisade Wall |
| 10:20 | Build | Palisade Wall |
| 10:25 | Queue | Villager (Male) |
| 10:31 | Build | Palisade Gate |
| 11:10 | Build | Palisade Wall |
| 11:24 | Queue | Villager (Male) |
| 11:32 | Age | Feudal Age |
| 11:36 | Build | Stable |
| 11:38 | Research | Double-Bit Axe |
| 11:54 | Build | House |
| 11:59 | Queue | Villager (Male) |
| 12:02 | Build | Farm |
| 12:03 | Build | Farm |
| 12:22 | Build | Farm |
| 12:36 | Queue | Scout Cavalry |
| 12:36 | Queue | Scout Cavalry |
| 12:36 | Queue | Scout Cavalry |
| 12:39 | Queue | Villager (Male) |
| 12:41 | Build | Farm |
| 12:54 | Queue | Villager (Male) |
| 13:14 | Build | Lumber Camp |
| 13:24 | Queue | Villager (Male) |
| 13:27 | Build | Farm |
| 13:31 | Queue | Scout Cavalry |
| 13:34 | Build | Farm |
| 13:49 | Queue | Villager (Male) |
| 13:51 | Queue | Scout Cavalry |
| 14:02 | Queue | Villager (Male) |
| 14:06 | Build | Archery Range |
| 14:27 | Build | House |
| 14:28 | Build | House |
| 14:30 | Build | House |
| 14:48 | Queue | Villager (Male) |
| 14:53 | Queue | Skirmisher |
| 15:01 | Build | Farm |
| 15:06 | Build | Farm |
| 15:07 | Build | Farm |
| 15:08 | Queue | Villager (Male) |
| 15:10 | Build | Farm |
| 15:12 | Build | Farm |
| 15:13 | Build | Farm |
| 15:16 | Build | Farm |
| 15:19 | Build | Farm |
| 15:21 | Build | House |
| 15:25 | Queue | Skirmisher |
| 15:30 | Queue | Villager (Male) |
| 15:42 | Build | Farm |
| 15:44 | Build | Farm |
| 15:54 | Queue | Villager (Male) |
| 15:56 | Queue | Skirmisher |
| 15:56 | Queue | Skirmisher |
| 16:21 | Build | Mining Camp |
| 16:26 | Queue | Villager (Male) |
| 16:28 | Build | Blacksmith |
| 16:30 | Queue | Skirmisher |
| 16:30 | Queue | Skirmisher |
| 16:52 | Queue | Skirmisher |
| 16:55 | Queue | Villager (Male) |
| 17:01 | Build | House |
| 17:12 | Research | Padded Archer Armor |
| 17:17 | Build | Archery Range |
| 17:27 | Queue | Villager (Male) |
| 17:29 | Build | House |
| 17:31 | Queue | Villager (Male) |
| 17:35 | Build | Farm |
| 17:49 | Build | Farm |
| 17:52 | Build | House |
| 17:53 | Build | Palisade Wall |
| 17:54 | Queue | Villager (Male) |
| 18:02 | Queue | Skirmisher |
| 18:15 | Research | Fletching |
| 18:33 | Queue | Skirmisher |
| 18:34 | Queue | Skirmisher |
| 18:34 | Queue | Villager (Male) |
| 18:37 | Build | Farm |
| 18:39 | Build | Farm |
| 18:47 | Queue | Villager (Male) |
| 19:15 | Build | Market |
| 19:20 | Queue | Villager (Male) |
| 19:58 | Queue | Villager (Male) |
| 20:47 | Research | Castle Age |
| 20:47 | Research | Castle Age |
| 20:48 | Queue | Skirmisher |
| 20:48 | Queue | Skirmisher |
| 20:48 | Queue | Skirmisher |
| 21:01 | Build | House |
| 21:03 | Build | House |
| 21:04 | Build | House |
| 21:06 | Build | House |
| 21:08 | Build | House |
| 21:09 | Build | House |
| 21:11 | Build | House |
| 21:14 | Build | House |
| 21:17 | Build | House |
| 21:26 | Queue | Skirmisher |
| 21:26 | Queue | Skirmisher |
| 21:34 | Build | House |
| 21:46 | Queue | Villager (Male) |
| 21:47 | Queue | Skirmisher |
| 21:47 | Queue | Skirmisher |
Build order — PipeTeGana
First 150 of 176 actions detected
| 0:00 | Queue | Villager (Male) |
| 0:01 | Queue | Villager (Male) |
| 0:02 | Build | House |
| 0:02 | Build | House |
| 0:19 | Queue | Villager (Male) |
| 0:19 | Queue | Villager (Male) |
| 0:19 | Queue | Villager (Male) |
| 1:23 | Queue | Villager (Male) |
| 1:42 | Queue | Villager (Male) |
| 2:00 | Queue | Villager (Male) |
| 2:03 | Build | Lumber Camp |
| 2:34 | Build | House |
| 2:40 | Queue | Villager (Male) |
| 2:40 | Queue | Villager (Male) |
| 3:34 | Queue | Villager (Male) |
| 4:07 | Queue | Villager (Male) |
| 4:33 | Queue | Villager (Male) |
| 4:33 | Queue | Villager (Male) |
| 4:33 | Queue | Villager (Male) |
| 4:38 | Build | Mill |
| 4:47 | Queue | Villager (Male) |
| 5:12 | Queue | Villager (Male) |
| 5:12 | Queue | Villager (Male) |
| 5:12 | Queue | Villager (Male) |
| 5:47 | Research | Loom |
| 6:20 | Research | Feudal Age |
| 6:30 | Build | Palisade Wall |
| 6:31 | Build | Palisade Wall |
| 6:31 | Build | Palisade Wall |
| 6:32 | Build | Palisade Wall |
| 6:43 | Build | Barracks |
| 6:50 | Build | Palisade Wall |
| 6:51 | Build | Palisade Wall |
| 6:51 | Build | Palisade Wall |
| 7:06 | Queue | Villager (Male) |
| 7:06 | Queue | Villager (Male) |
| 7:14 | Build | Palisade Wall |
| 7:15 | Build | Palisade Wall |
| 7:15 | Build | Palisade Wall |
| 7:16 | Build | Palisade Wall |
| 7:16 | Build | Palisade Wall |
| 7:17 | Build | Palisade Wall |
| 7:26 | Build | Palisade Wall |
| 7:28 | Build | Palisade Wall |
| 7:36 | Build | Palisade Wall |
| 7:42 | Queue | Villager (Male) |
| 8:04 | Build | House |
| 8:27 | Build | Palisade Wall |
| 8:30 | Age | Feudal Age |
| 8:34 | Queue | Villager (Male) |
| 8:46 | Queue | Spearman |
| 8:51 | Build | House |
| 9:18 | Build | Archery Range |
| 9:21 | Queue | Villager (Male) |
| 9:30 | Queue | Villager (Male) |
| 9:44 | Queue | Villager (Male) |
| 9:55 | Build | Mining Camp |
| 9:57 | Queue | Archer |
| 10:09 | Build | House |
| 10:25 | Build | Palisade Wall |
| 10:36 | Research | Double-Bit Axe |
| 10:43 | Build | Mill |
| 10:58 | Queue | Archer |
| 11:04 | Queue | Villager (Male) |
| 11:14 | Queue | Villager (Male) |
| 11:38 | Queue | Villager (Male) |
| 11:41 | Build | Blacksmith |
| 11:43 | Queue | Archer |
| 12:03 | Queue | Villager (Male) |
| 12:05 | Build | House |
| 12:15 | Queue | Villager (Male) |
| 12:18 | Build | Farm |
| 12:19 | Build | Farm |
| 12:23 | Research | Fletching |
| 12:42 | Build | Farm |
| 12:52 | Queue | Villager (Male) |
| 12:57 | Build | Farm |
| 13:03 | Build | Farm |
| 13:16 | Queue | Villager (Male) |
| 13:16 | Queue | Archer |
| 13:20 | Build | Farm |
| 13:27 | Queue | Archer |
| 13:35 | Queue | Villager (Male) |
| 13:37 | Build | House |
| 14:00 | Queue | Villager (Male) |
| 14:02 | Build | House |
| 14:04 | Build | House |
| 14:08 | Queue | Skirmisher |
| 14:12 | Queue | Spearman |
| 14:14 | Queue | Archer |
| 14:16 | Queue | Villager (Male) |
| 14:31 | Queue | Villager (Male) |
| 14:50 | Queue | Villager (Male) |
| 14:51 | Queue | Archer |
| 14:53 | Build | Farm |
| 14:53 | Build | Farm |
| 14:57 | Queue | Spearman |
| 15:01 | Queue | Archer |
| 15:04 | Queue | Villager (Male) |
| 15:10 | Build | House |
| 15:20 | Queue | Spearman |
| 15:22 | Queue | Villager (Male) |
| 15:30 | Queue | Spearman |
| 15:37 | Queue | Villager (Male) |
| 15:41 | Build | House |
| 15:47 | Build | Palisade Wall |
| 15:56 | Queue | Archer |
| 15:57 | Queue | Archer |
| 16:02 | Queue | Villager (Male) |
| 16:11 | Queue | Villager (Male) |
| 16:13 | Build | Farm |
| 16:48 | Build | Palisade Wall |
| 16:54 | Queue | Villager (Male) |
| 16:54 | Queue | Archer |
| 17:15 | Build | Farm |
| 17:18 | Queue | Villager (Male) |
| 17:21 | Build | House |
| 17:25 | Build | Farm |
| 17:26 | Build | Farm |
| 17:30 | Queue | Archer |
| 17:53 | Build | Farm |
| 17:59 | Build | Farm |
| 18:03 | Queue | Archer |
| 18:33 | Queue | Villager (Male) |
| 18:36 | Build | Farm |
| 18:40 | Queue | Archer |
| 18:41 | Queue | Archer |
| 18:57 | Queue | Archer |
| 19:15 | Queue | Villager (Male) |
| 19:26 | Research | Castle Age |
| 19:41 | Build | Archery Range |
| 20:08 | Queue | Archer |
| 20:26 | Build | Archery Range |
| 20:45 | Queue | Archer |
| 20:46 | Queue | Archer |
| 20:59 | Build | Archery Range |
| 21:03 | Queue | Archer |
| 21:18 | Queue | Villager (Male) |
| 21:35 | Build | Lumber Camp |
| 21:45 | Queue | Archer |
| 21:47 | Queue | Archer |
| 21:47 | Queue | Archer |
| 21:53 | Build | House |
| 22:06 | Age | Castle Age |
| 22:09 | Research | Crossbowman (upgrade) |
| 22:14 | Research | Bodkin Arrow |
| 22:15 | Queue | Villager (Male) |
| 22:23 | Build | Town Center |
| 22:35 | Queue | Villager (Male) |
| 22:35 | Queue | Archer |
Match timeline
| 4:31 | Gil-galad · first_building Barracks |
| 6:30 | PipeTeGana · wall_segment Palisade Wall x1 |
| 6:31 | PipeTeGana · wall_segment Palisade Wall x1 |
| 6:31 | PipeTeGana · wall_segment Palisade Wall x1 |
| 6:32 | PipeTeGana · wall_segment Palisade Wall x1 |
| 6:43 | PipeTeGana · first_building Barracks |
| 6:50 | PipeTeGana · wall_segment Palisade Wall x1 |
| 6:51 | PipeTeGana · wall_segment Palisade Wall x1 |
| 6:51 | PipeTeGana · wall_segment Palisade Wall x1 |
| 7:14 | PipeTeGana · wall_segment Palisade Wall x1 |
| 7:15 | PipeTeGana · wall_segment Palisade Wall x1 |
| 7:15 | PipeTeGana · wall_segment Palisade Wall x1 |
| 7:16 | PipeTeGana · wall_segment Palisade Wall x1 |
| 7:16 | PipeTeGana · wall_segment Palisade Wall x1 |
| 7:17 | PipeTeGana · wall_segment Palisade Wall x1 |
| 7:26 | PipeTeGana · wall_segment Palisade Wall x1 |
| 7:28 | PipeTeGana · wall_segment Palisade Wall x1 |
| 7:36 | PipeTeGana · wall_segment Palisade Wall x1 |
| 8:27 | PipeTeGana · wall_segment Palisade Wall x1 |
| 8:30 | PipeTeGana · age_up feudal |
| 9:18 | PipeTeGana · first_building Archery Range |
| 9:30 | Gil-galad · wall_segment Palisade Wall x7 |
| 9:31 | Gil-galad · wall_segment Palisade Wall x5 |
| 9:42 | Gil-galad · wall_segment Palisade Wall x9 |
| 9:49 | Gil-galad · wall_segment Palisade Wall x11 |
| 9:59 | Gil-galad · wall_segment Palisade Wall x8 |
| 10:12 | Gil-galad · wall_segment Palisade Wall x12 |
| 10:18 | Gil-galad · wall_segment Palisade Wall x1 |
| 10:20 | Gil-galad · wall_segment Palisade Wall x3 |
| 10:25 | PipeTeGana · wall_segment Palisade Wall x3 |
| 11:10 | Gil-galad · wall_segment Palisade Wall x2 |
| 11:32 | Gil-galad · age_up feudal |
| 11:36 | Gil-galad · first_building Stable |
| 14:06 | Gil-galad · first_building Archery Range |
| 15:47 | PipeTeGana · wall_segment Palisade Wall x9 |
| 16:48 | PipeTeGana · wall_segment Palisade Wall x1 |
| 17:53 | Gil-galad · wall_segment Palisade Wall x5 |
| 20:44 | Gil-galad · first_market_sell 100 wood |
| 20:46 | Gil-galad · first_market_buy 100 food |
| 22:06 | PipeTeGana · age_up castle |
| 23:27 | Gil-galad · age_up castle |
| 25:40 | PipeTeGana · resign |
[ AI ANALYSIS · 1 CREDIT ]
What really happened in this match?
Wolo.gg analyzes every decision: build order, eco, micro, common mistakes by bracket. Personalized analysis on WhatsApp or Discord in 30 seconds.
Civ guide
Franks
Perfil
Jugador #322559